 Dungeon Crawl Stone Soup version 0.30.0-16-gbe6223bb7e (webtiles) character file.

Game seed: 9641252941268997619

456 freelancePsychic the Shooter (level 7, -3/60 HPs)
             Began as a Meteoran Hunter on May 20, 2023.
             Slain by a gnoll sergeant
             ... wielding a +0 spear
              (13 damage)
             ... on level 5 of the Dungeon.
             The game lasted 00:07:14 (1253 turns).

freelancePsychic the Shooter (Meteoran Hunter)      Turns: 1253, Time: 00:07:14

Health: -3/60      AC:  3    Str: 12    XL:     7   Next: 52%
Magic:  8/8        EV: 12    Int: 11    God:
Gold:   206        SH:  0    Dex: 20    Spells: 6/6 levels left

rFire   . . .        a - +0 shortbow (freeze)
rCold   . . .        (shield currently unavailable)
rNeg    . . .        c - +0 leather armour
rPois   .            (no helmet)
rElec   .            (no cloak)
rCorr   .            (no gloves)
SInv    .            (no boots)
Will    .....        (no amulet)
Stlth   +            (no ring)
HPRegen 0.30/turn    (no ring)
MPRegen 0.11/turn

%: no passive effects
@: glowing
A: sense surroundings 1, otherworldly, glowing, explore regen
a: no special abilities


You were on level 5 of the Dungeon.
You visited 1 branch of the dungeon, and saw 5 of its levels.

You collected 206 gold pieces.

Inventory:

Hand Weapons
 a - a +0 shortbow of freezing (weapon)
Armour
 c - a +0 leather armour (worn)
Scrolls
 b - a scroll of immolation
 d - a scroll of brand weapon
 h - a scroll of summoning {unknown}
Potions
 e - 2 potions of heal wounds {unknown}
 f - a potion of magic {unknown}
 g - a potion of curing {@q1}


   Skills:
 + Level 4.9 Fighting
 * Level 7.8 Ranged Weapons
 - Level 2.4 Dodging
 - Level 0.6 Stealth


You had 6 spell levels left.
You didn't know any spells.
Your spell library contained the following spells:

 Spells                   Type           Power      Damage    Failure   Level
 Ensorcelled Hibernation  Hex/Ice        0%         N/A       56%         2
 Passwall                 Tmut/Erth      0%         N/A       56%         2
 Swiftness                Air            0%         N/A       80%         3


Dungeon Overview and Level Annotations

Branches:
Dungeon (5/15) Zot: 1683
 Temple: D:4-7

Altars:

Annotations:
D:5 Dowan


Innate Abilities, Weirdness & Mutations

You passively map a small area around you.
You are easily found by Zot.
You glow in the dark.
You regain HP and MP as you explore.


Message History

The gnoll sergeant closely misses you.
You shoot an arrow. The gnoll shouts!
The arrow hits the gnoll sergeant!
The arrow freezes the gnoll sergeant.
The gnoll sergeant is heavily wounded.
The gnoll sergeant hits you from afar with a +0 spear!
You shoot an arrow. The arrow hits the gnoll sergeant!
The arrow freezes the gnoll sergeant.
The gnoll sergeant is almost dead.
The gnoll sergeant barely misses you.
The gnoll sergeant hits you from afar with a +0 spear.
You are too injured to fight recklessly!
You are too injured to fight recklessly!
You are too injured to fight recklessly!
Fire: a) +0 shortbow (freeze)
Press: ? - help, Shift-Dir - straight line, f/p - gnoll sergeant
Aim: a gnoll sergeant, wielding a +0 spear and wearing a +0 ring mail (almost dead, 73% to hit)
You shoot an arrow.
The arrow hits the gnoll sergeant but does no damage.
The gnoll sergeant is almost dead.
The gnoll sergeant hits you from afar with a +0 spear!
Fire: a) +0 shortbow (freeze)
Press: ? - help, Shift-Dir - straight line, f/p - gnoll sergeant
Aim: a gnoll sergeant, wielding a +0 spear and wearing a +0 ring mail (almost dead, 73% to hit)
You shoot an arrow. The arrow hits the gnoll sergeant.
The arrow freezes the gnoll sergeant.
The gnoll sergeant is almost dead.
The gnoll sergeant hits you from afar with a +0 spear!
Fire: a) +0 shortbow (freeze)
Press: ? - help, Shift-Dir - straight line, f/p - gnoll sergeant
Aim: a gnoll sergeant, wielding a +0 spear and wearing a +0 ring mail (almost dead, 73% to hit)
You shoot an arrow.
The arrow barely misses the gnoll sergeant.
The arrow hits the gnoll.
The arrow freezes the gnoll.
The gnoll is almost dead.
The gnoll sergeant hits you from afar with a +0 spear!
* * * LOW HITPOINT WARNING * * *
There is a stone staircase leading up here.
The gnoll sergeant hits you from afar with a +0 spear!
You die...

..##.........# ,, ...#.........#
* , *#.#.........# ,#..*
#....g.....>#* ## ,##.#
##....g.....##...,* #.(#
#.............######..#########
#............. ................
#.........######.....#.# #.....
#.........ggg.@#.###.#.###.....
#..#####..####..............[<.
#..#($?#..#......##.##.###.....
#..#?(!#..÷.........##.##.§....
....#!?)#...########.##....§§§§.
###..#####....######.[§.§≈#.#§§..
...........#..........≈≈≈#.#§§§§
............##.##.#..≈≈≈≈#.#≈§§≈
, , , , #.#.≈≈≈≈≈#.#≈≈≈§


You could see a gnoll sergeant and 2 gnolls.

Vanquished Creatures
  Eustachio (D:5)
  A kobold brigand (D:4)
  A jelly (D:4)
  2 hounds
  3 iguanas (D:5)
  2 adders (D:4)
  A white imp (D:5)
  2 ufetubi (D:5)
  An orc (D:4)
  4 endoplasms
  2 giant cockroaches (D:4)
  3 goblins
  8 hobgoblins
  11 kobolds
  A quokka (D:3)
  5 ball pythons
  A bat (D:1)
  2 rats
51 creatures vanquished.

Notes
Turn   | Place    | Note
-------+----------+-------------------------------------------
     0 | D:1      | freelancePsychic the Meteoran Hunter began the quest for
                  | the Orb.
     0 | D:1      | Reached XP level 1. HP: 17/17 MP: 2/2
    67 | D:1      | You fall into a shaft and drop 1 floor!
   103 | D:2      | Reached XP level 2. HP: 24/25 MP: 3/3
   527 | D:4      | Reached XP level 3. HP: 30/30 MP: 4/4
   545 | D:4      | Reached skill level 5 in Ranged Weapons
   623 | D:4      | Reached XP level 4. HP: 38/38 MP: 5/5
   639 | D:4      | Reached XP level 5. HP: 42/45 MP: 6/6
   822 | D:5      | Entered Level 5 of the Dungeon
   825 | D:5      | Reached skill level 6 in Ranged Weapons
   847 | D:5      | Reached XP level 6. HP: 32/52 MP: 7/7
   883 | D:5      | Noticed Eustachio
   890 | D:5      | Killed Eustachio
   891 | D:5      | Reached skill level 7 in Ranged Weapons
   891 | D:5      | Reached XP level 7. HP: 60/60 MP: 8/8
  1022 | D:5      | Noticed Dowan
  1253 | D:5      | Slain by a gnoll sergeant

Illustrated notes

Levels and vault maps discovered:
D:1:      psy_arrival_conway, layout_basic, serial_bayou_ford_a
D:2:      layout_basic
D:3:      layout_rooms
D:4:      cheibrodos_thug_alley, layout_basic, uniq_grinder
D:5:      layout_rooms, nicolae_vehumet_altar_sigil, nemelex_spade_bored_becter,
          grunt_decor_junction, due_unseen_surprise, uniq_eustachio,
          uniq_duvessa

Skill      XL: |  1  2  3  4  5  6 |
---------------+-------------------+-----
Ranged Weapons | 5 6 7 |  7.8
Fighting       | 3 4 |  4.9
Dodging        | |  2.4
Stealth        | |  0.6

Action                     |  1- 3 |  4- 6 |  7- 9 || total
---------------------------+-------+-------+-------++-------
  Melee: Unarmed           |       |       |     8 ||     8
   Fire: Shortbow          |    56 |    39 |    53 ||   148
    Use: Scroll            |     5 |     1 |       ||     6
         Potion            |       |       |     2 ||     2
 Armour: Leather armour    |     9 |     3 |    12 ||    24
  Dodge: Dodged            |    13 |     4 |    45 ||    62
